 Dungeon Crawl Stone Soup version 0.29-a0-341-g24ffce5b50 (webtiles) character file.

Game seed: 18151552184297451756

1926 spaghetti the Covered (level 8, -5/66 HPs)
             Began as a Deep Dwarf Gladiator on Apr 20, 2022.
             Was a Priest of Vehumet.
             Slain by a freezing wraith (10 damage)
             ... on level 2 of the Abyss.
             The game lasted 00:15:20 (5045 turns).

spaghetti the Covered (Deep Dwarf Gladiator)        Turns: 5045, Time: 00:15:21

Health: -5/66      AC: 16    Str: 17    XL:     8   Next: 96%
Magic:  11/11      EV:  6    Int: 12    God:    Vehumet [***...]
Gold:   290        SH:  0    Dex: 14    Spells: 13/15 levels left

rFire   . . .      SeeInvis .   w - +1 trident (vamp) {polearm}
rCold   . . .      Faith    .   (no shield)
rNeg    . . .      Spirit   .   g - +0 plate armour
rPois   +          Reflect  .   c - +0 helmet
rElec   .          Harm     .   (no cloak)
rCorr   .          Rampage  .   (no gloves)
Will    ++...                   r - +0 pair of boots
Stlth   ..........              (no amulet)
HPRegen 0.00/turn               (no ring)
MPRegen 0.12/turn               (no ring)

@: slowed, very slow
A: damage resistance, heal wounds, sense surroundings 1, no regeneration,
strong-willed 1, poison resistance
a: Heal Wounds, Renounce Religion


You were on level 2 of the Abyss.
You worshipped Vehumet.
Vehumet was most pleased with you.
You visited 1 branch of the dungeon, and saw 6 of its levels.
You visited the Abyss 1 time.

You collected 290 gold pieces.


Innate Abilities, Weirdness & Mutations

You are resistant to damage.
You can heal yourself by infusing magical energy.
You passively map a small area around you.
You do not regenerate.
You are strong-willed. (Will+)
Your system is resistant to poisons. (rPois)


   Skills:
 - Level 1.7 Fighting
 - Level 3.0 Long Blades
 - Level 1.7 Throwing
 * Level 7.6 Armour
 - Level 3.2 Dodging
 + Level 4.0 Spellcasting
 - Level 4.0 Air Magic
 - Level 4.3 Poison Magic


You had 13 spell levels left.
You knew the following spells:

 Your Spells              Type           Power      Damage    Failure   Level
a - Poisonous Vapours     Pois/Air       24%        N/A       43%         2

Your spell library contained the following spells:

 Spells                   Type           Power      Damage    Failure   Level
 Airstrike                Air            6%         N/A       96%         4
 Animate Armour           Summ/Erth      4%         N/A       100%        4
 Blade Hands              Tmut           1%         N/A       100%        5
 Iskenderun's Battlesphe  Conj           2%         2d6       100%        5
 Iron Shot                Conj/Erth      1%         9d1       100%        6
 Spellforged Servitor     Conj/Summ      1%         N/A       100%        7

Inventory:

Hand Weapons
 a - a +0 long sword {long}
 i - a +1 spear of distortion {!wpolearm}
   (You found it on level 2 of the Dungeon)
 w - a +1 vampiric trident (weapon) {polearm}
   (You took it off a gnoll sergeant on level 6 of the Dungeon)
Missiles
 d - 2 throwing nets {=f!fthrowing}
 f - 187 stones (quivered) {throwing}
 k - 4 boomerangs {throwing}
 n - 3 poisoned darts {throwing}
 p - a javelin {throwing}
Armour
 b - a +0 leather armour
 c - a +0 helmet (worn)
 g - a +0 plate armour (worn)
   (You found it on level 1 of the Dungeon)
 r - a +0 pair of boots (worn)
   (You found it on level 2 of the Dungeon)
Jewellery
 o - a ring of resist corrosion
   (You found it on level 2 of the Dungeon)
Wands
 j - a wand of polymorph (6)
   (You took it off Edmund on level 5 of the Dungeon)
 m - a wand of acid (1)
   (You found it on level 4 of the Dungeon)
Scrolls
 h - a scroll of identify {@r1}
 l - a scroll of vulnerability {!r!r}
 q - a scroll of fear
 t - 2 scrolls of amnesia
 u - a scroll of noise {!r}
Potions
 e - 2 potions of flight
 s - 2 potions of attraction {!q}
 v - a potion of cancellation

Dungeon Overview and Level Annotations

Branches:
Dungeon (6/15)
 Temple: D:4-7

Altars:
Cheibriados
Qazlal
Vehumet
Wu Jian
The Shining One

# # ..
.#....##.. ..
##. ยง... # ..
. .
.#.#.#...#.#.##
# #...###..#..#
. . #
#...#5.X...#...
. #.
###..####... ..
#.##3.43.#
..##. #.2XW####
#.# #@## # #x#
##. #.. ..#.
.#... .. # #.
.. #. ..# ##


You could see a cacodemon, a thrashing horror, a large abomination, a freezing
wraith, a neqoxec, a ynoxinul, a chaos spawn, a small abomination and a white
imp.


Message History

You take 1 damage, and now have 34/66 hp.
You hit the small abomination but do no damage.
The thrashing horror barely misses you. x2; The small abomination hits you!
* * * LOW HITPOINT WARNING * * *
๐Ÿ˜จ HP[-8]
You take 8 damage, and now have 26/66 hp.
You hit the small abomination but do no damage.
The thrashing horror tramples you.
* * * LOW HITPOINT WARNING * * *
You hold your ground!
The thrashing horror tramples you but does no damage.
The small abomination hits you but does no damage.
The thrashing horror tramples you but does no damage.
The thrashing horror closely misses you.
The small abomination hits you.
* * * LOW HITPOINT WARNING * * *
๐Ÿ˜จ HP[-7]
You take 7 damage, and now have 19/66 hp.
Unknown command.
You feel much better.
The thrashing horror tramples you but does no damage.
The thrashing horror barely misses you. The freezing wraith hits you.
The freezing wraith freezes you!
* * * LOW HITPOINT WARNING * * *
The freezing wraith hits you but does no damage.
The thrashing horror tramples you!
* * * LOW HITPOINT WARNING * * *
You hold your ground!
The thrashing horror tramples you but does no damage.
The small abomination hits you!
* * * LOW HITPOINT WARNING * * *
๐Ÿ˜ฑ HP[-15]
You take 15 damage, and now have 4/66 hp.
MASSIVE DAMAGE!! (PAUSE)
You hit the small abomination. The thrashing horror tramples you.
You hold your ground!
The thrashing horror tramples you but does no damage.
The freezing wraith hits you but does no damage.
The freezing wraith barely misses you.
The small abomination barely misses you.
The cacodemon gestures next to the freezing wraith.
Some rock shatters into small pieces.
Unknown command.
You feel much better.
The thrashing horror roars!
The thrashing horror tramples you but does no damage. x2
The thrashing horror barely misses you.
The thrashing horror tramples you but does no damage.
The freezing wraith hits you but does no damage.
The freezing wraith barely misses you.
The small abomination hits you but does no damage. ๐Ÿ˜จ HP[+26]
You regained 26 hp, and now have 30/66 hp.
Unknown command.
Unknown command.
Unknown command.
You feel much better. The freezing wraith hits you.
The freezing wraith freezes you! The freezing wraith hits you.
The freezing wraith drains your vigour!
You feel yourself slow down.
The ynoxinul gestures.
The small abomination closely misses you.
The thrashing horror tramples you but does no damage. x2 ๐Ÿ˜ฎ HP[+9]
You regained 9 hp, and now have 39/66 hp.
Unknown command.
You barely miss the small abomination. The thrashing horror tramples you!
You hold your ground!
The thrashing horror tramples you but does no damage.
The thrashing horror tramples you.
* * * LOW HITPOINT WARNING * * *
You hold your ground!
The thrashing horror barely misses you. The thrashing horror tramples you.
You hold your ground!
The thrashing horror tramples you but does no damage.
The freezing wraith hits you but does no damage. x2
The small abomination hits you.
* * * LOW HITPOINT WARNING * * *
The cacodemon gestures next to you.
Some rock shatters into small pieces.
The freezing wraith hits you but does no damage. x2
The small abomination hits you.
* * * LOW HITPOINT WARNING * * *
The thrashing horror tramples you.
* * * LOW HITPOINT WARNING * * *
You hold your ground!
The thrashing horror barely misses you. ๐Ÿ˜จ HP[-12]
You take 12 damage, and now have 27/66 hp.
You hit the small abomination but do no damage.
The thrashing horror tramples you but does no damage. x2
The small abomination hits you!
* * * LOW HITPOINT WARNING * * *
The freezing wraith hits you but does no damage. x2
The thrashing horror tramples you but does no damage. x2
The cacodemon hits you!
* * * LOW HITPOINT WARNING * * *
The cacodemon completely misses you.
The small abomination hits you but does no damage.
The freezing wraith hits you but does no damage.
The freezing wraith hits you!
You die...

Skill      XL: |  1  2  3  4  5  6  7  8 |
---------------+-------------------------+-----
Armour         | 1 3 4 7 |  7.6
Poison Magic   | 1 2 3 4 |  4.3
Air Magic      | 1 2 3 4 |  4.0
Spellcasting   | 2 4 |  4.0
Fighting       | |  1.7
Long Blades    | |  3.0
Throwing       | |  1.7
Dodging        | |  3.2

Action                   |  1- 3 |  4- 6 |  7- 9 || total
-------------------------+-------+-------+-------++-------
Melee: Long sword        |    70 |       |       ||    70
       Spear             |    20 |    52 |   233 ||   305
       Punch             |     1 |     1 |     2 ||     4
       Trident           |       |       |    26 ||    26
Throw: Stone             |    25 |    56 |    69 ||   150
       Javelin           |     1 |       |       ||     1
       Dart              |       |     6 |       ||     6
       Boomerang         |       |     5 |       ||     5
       Throwing net      |       |       |     1 ||     1
 Abil: Heal Wounds       |       |       |     9 ||     9
Evoke: Wand              |       |       |     3 ||     3
  Use: Potion            |     7 |     1 |     7 ||    15
       Scroll            |     4 |     3 |     4 ||    11
 Stab: Held in net/web   |       |       |     1 ||     1
Armor: Leather armour    |     5 |       |       ||     5
       Plate armour      |    69 |    24 |   216 ||   309
       Skin              |       |       |     1 ||     1
Dodge: Dodged            |    35 |    11 |    75 ||   121

Levels and vault maps discovered:
D:1:      minmay_arrival_shattered_statue, layout_basic,
          shapermc_ecumenical_altar_totnotflames, minivault_4,
          minmay_shallow_snake_nest
D:2:      layout_basic, fountainhead, kennysheep_jessica_study, uniq_jessica
D:3:      layout_basic, cheibriados_altar_1, st_stairs_7
D:4:      layout_basic, nicolae_qazlal_general_emergency,
          kennysheep_another_room, uniq_grinder, uniq_eustachio, uniq_ijyb
D:5:      layout_rooms, old_standard_altar, mainiacjoe_overflow_boulevard,
          hangedman_decor_push, hangedman_decor_opposing, minmay_misc_feat_rows,
          kennysheep_generic_room_8, uniq_edmund, uniq_duvessa
D:6:      layout_loops_ring, general_overflow_altar,
          corexii_item_surrounded_by_moat, grunt_ministairs_14
Abyss:2:  base: D:2, base: D:1, lemuel_flamethrower_hall

Notes
Turn   | Place    | Note
-------+----------+-------------------------------------------
     0 | D:1      | spaghetti the Deep Dwarf Gladiator began the quest for the
                  | Orb.
     0 | D:1      | Reached XP level 1. HP: 19/19 MP: 1/1
     0 | D:1      | magus.rc [v1.9.6]
    40 | D:1      | You pick up a book of Iron and begin reading...
    40 | D:1      | You add the spells Animate Armour, Blade Hands and Iron
                  | Shot to your library.
    95 | D:1      | Reached skill level 1 in Armour
   339 | D:1      | Found a faded altar of an unknown god.
   363 | D:1      | Reached XP level 2. HP: 15/26 MP: 2/2
   382 | D:1      | Prayed at the altar of an unknown god.
   382 | D:1      | Became a worshipper of Vehumet
   382 | D:1      | Reached * piety under Vehumet
   382 | D:1      | Offered knowledge of Shock by Vehumet.
   414 | D:1      | Reached skill level 2 in Armour
   601 | D:1      | Gained mutation: Your system is resistant to poisons.
                  | (rPois) [potion of mutation]
   753 | D:1      | Offered knowledge of Poisonous Vapours by Vehumet.
   777 | D:1      | Reached ** piety under Vehumet
   780 | D:1      | Reached skill level 3 in Armour
   946 | D:2      | Reached XP level 3. HP: 27/32 MP: 3/3
   949 | D:2      | Learned a level 2 spell: Poisonous Vapours
  1590 | D:2      | Noticed Jessica
  1595 | D:2      | Killed Jessica
  1596 | D:2      | Reached skill level 1 in Poison Magic
  2003 | D:3      | Found a snail-covered altar of Cheibriados.
  2045 | D:3      | Reached skill level 1 in Air Magic
  2045 | D:3      | Reached XP level 4. HP: 39/39 MP: 4/4
  2939 | D:4      | Noticed a bullfrog
  2946 | D:4      | Killed a bullfrog
  2947 | D:4      | Reached skill level 2 in Poison Magic
  2947 | D:4      | Reached XP level 5. HP: 41/45 MP: 5/5
  2948 | D:4      | Noticed a black bear
  2949 | D:4      | Reached skill level 2 in Air Magic
  2957 | D:4      | Killed a black bear
  2966 | D:4      | Found a stormy altar of Qazlal.
  2988 | D:4      | Noticed Grinder
  2993 | D:4      | Paralysed by Grinder for 7 turns
  3017 | D:4      | Paralysed by Grinder for 4 turns
  3028 | D:4      | Reached XP level 6. HP: 52/52 MP: 6/6
  3041 | D:4      | Killed Grinder
  3042 | D:4      | Reached skill level 3 in Air Magic
  3042 | D:4      | Reached skill level 3 in Poison Magic
  3054 | D:4      | Offered knowledge of Scorch by Vehumet.
  3172 | D:4      | Reached XP level 7. HP: 47/58 MP: 7/7
  3324 | D:4      | Noticed Eustachio
  3347 | D:4      | Killed Eustachio
  3348 | D:4      | Reached skill level 4 in Poison Magic
  3548 | D:4      | Noticed Ijyb
  3560 | D:4      | Killed Ijyb
  3561 | D:4      | Reached skill level 4 in Air Magic
  3698 | D:5      | Entered Level 5 of the Dungeon
  3707 | D:5      | Reached skill level 1 in Spellcasting
  3749 | D:5      | Reached *** piety under Vehumet
  3839 | D:5      | Reached skill level 4 in Armour
  3839 | D:5      | Reached skill level 2 in Spellcasting
  3856 | D:5      | You pick up a book of Power and begin reading...
  3856 | D:5      | You add the spells Iskenderun's Battlesphere and
                  | Spellforged Servitor to your library.
  3866 | D:5      | Found an ornate altar of the Wu Jian Council.
  3900 | D:5      | Reached XP level 8. HP: 41/66 MP: 11/11
  3929 | D:5      | Noticed Dowan
  3943 | D:5      | Noticed Duvessa
  3950 | D:5      | Killed Duvessa
  3952 | D:5      | Killed Dowan
  3983 | D:5      | Offered knowledge of Airstrike by Vehumet.
  3987 | D:5      | Reached skill level 5 in Armour
  3995 | D:5      | Found a glowing golden altar of the Shining One.
  4268 | D:5      | Noticed Edmund
  4276 | D:5      | Reached skill level 3 in Spellcasting
  4283 | D:5      | Killed Edmund
  4284 | D:5      | Reached skill level 6 in Armour
  4775 | D:6      | Reached skill level 7 in Armour
  4933 | D:6      | HP: 16/66 [gnoll sergeant/+1 vampiric trident (7)]
  4939 | D:6      | Reached skill level 4 in Spellcasting
  4945 | D:6      | You are cast into the Abyss!
  4945 | D:6      | Cast into level 2 of the Abyss (unwielding a weapon of
                  | distortion)
  4975 | Abyss:2  | Noticed a spatial maelstrom
  4975 | Abyss:2  | Noticed a toenail golem
  5001 | Abyss:2  | HP: 16/66 [toenail golem (4)]
  5006 | Abyss:2  | Killed a toenail golem
  5008 | Abyss:2  | Noticed a large abomination
  5022 | Abyss:2  | Noticed a thrashing horror
  5027 | Abyss:2  | Noticed a cacodemon
  5032 | Abyss:2  | Gained mutation: You are strong-willed. (Will+) [a neqoxec]
  5033 | Abyss:2  | Noticed a freezing wraith
  5040 | Abyss:2  | HP: 15/66 [thrashing horror (6)]
  5040 | Abyss:2  | HP: 4/66 [small abomination (11)]
  5045 | Abyss:2  | HP: 16/66 [small abomination (11)]
  5045 | Abyss:2  | HP: 5/66 [cacodemon (11)]
  5045 | Abyss:2  | Slain by a freezing wraith

Vanquished Creatures
  A toenail golem (Abyss:2)
  Grinder (D:4)
  Eustachio (D:4)
  Edmund (D:5)
  A small abomination (Abyss:2)
  Duvessa (D:5)
  An ice beast (D:6)
  2 sky beasts
  2 black bears
  A phantom (D:5)
  A bullfrog (D:4)
  A necrophage (D:5)
  A gnoll sergeant (D:6)
  A scorpion (D:4)
  Dowan (D:5)
  A hound (D:6)
  A jelly (D:5)
  Ijyb (D:4)
  Jessica (D:2)
  3 orc wizards
  9 gnolls
  6 adders
  A white imp (D:6)
  A worm (D:3)
  4 dart slugs
  20 orcs
  4 bats
  An endoplasm (D:1)
  2 giant cockroaches
  4 goblins
  7 hobgoblins
  7 kobolds
  5 quokkas
  9 ball pythons
  A frilled lizard (D:3)
  4 rats
109 creatures vanquished.

Vanquished Creatures (collateral kills)
  A bat (D:1)
  A kobold (D:1)
2 creatures vanquished.

Grand Total: 111 creatures vanquished

Table legend:
 A = Non-vault XP
 B = Vault XP
 C = Vault XP percentage of total XP
 D = Non-vault monster count
 E = Vault monster count
 F = Vault count percentage of total count
                 A         B        C        D         E       F
            +---------+---------+-------+---------+---------+-------
      Total |    1523 |    1229 |  44.7 |     101 |      16 |  13.7
            +---------+---------+-------+---------+---------+-------
        D:1 |      36 |       4 |  10.0 |      20 |       3 |  13.0
        D:2 |      12 |      39 |  76.5 |       7 |       2 |  22.2
        D:3 |      35 |       1 |   2.8 |      14 |       1 |   6.7
        D:4 |     431 |     515 |  54.4 |      17 |       3 |  15.0
        D:5 |     667 |     437 |  39.6 |      29 |       5 |  14.7
        D:6 |     342 |     233 |  40.5 |      12 |       2 |  14.3
    Abyss:2 |       0 |       0 |   N/A |       2 |       0 |   0.0
            +---------+---------+-------+---------+---------+-------

Illustrated notes

Table legend:
 A = Kills in this place as a percentage of kills in entire the game.
 B = Kills by you in this place as a percentage of kills by you in the entire game.
 C = Kills by friends in this place as a percentage of kills by friends in the entire game.
 D = Other kills in this place as a percentage of other kills in the entire game.
 E = Experience gained in this place as a percentage of experience gained in the entire game.
 F = Experience gained in this place divided by the number of levels of this place that you have seen.
                   A       B       C       D       E      F
               +-------+-------+-------+-------+-------+----------------------
         Total | 100.0 | 100.0 | 100.0 | 100.0 | 100.0 | 393.1
       Dungeon |  98.3 |  98.2 | 100.0 | 100.0 | 100.0 | 458.7
         Abyss |   1.7 |   1.8 |   0.0 |   0.0 |   0.0 |   0.0
               +-------+-------+-------+-------+-------+----------------------

Table legend: (Time is in decaauts)
 A = Elapsed time spent in this place.
 B = Non-inter-level travel time spent in this place.
 C = Inter-level travel time spent in this place.
 D = Time resting spent in this place.
 E = Time spent auto-exploring this place.
 F = Levels seen in this place.
 G = Mean time per level.
                   A        B        C        D        E       F      G
               +--------+--------+--------+--------+--------+-----+--------+
         Total |   5104 |   4953 |    151 |    516 |   3366 |   7 |  729.1 |
       Dungeon |   4996 |   4845 |    151 |    516 |   3366 |   6 |  832.7 |
         Abyss |    108 |    108 |      0 |      0 |      0 |   1 |  108.0 |
               +--------+--------+--------+--------+--------+-----+--------+

Top non-repeatable levels by time:
     D:2: 1071 daAuts
     D:1: 936 daAuts
     D:5: 910 daAuts
     D:4: 872 daAuts
     D:3: 848 daAuts
     D:6: 357 daAuts
 Abyss:2: 108 daAuts
